 Dungeon Crawl Stone Soup version 0.30-a0-715-gdb4ae3ece1 (webtiles) character file.

Game seed: 6090355506196452633

70 boo the Poker (level 4, -10/35 HPs)
             Began as a Merfolk Gladiator on Jan 23, 2023.
             Killed by divine providence
             ... invoked by an orc priest
              (17 damage)
             ... on level 3 of the Dungeon.
             The game lasted 00:02:07 (1764 turns).

boo the Poker (Merfolk Gladiator)                   Turns: 1764, Time: 00:02:08

Health: -10/35     AC:  5    Str: 14    XL:     4   Next: 22%
Magic:  4/4        EV: 13    Int:  9    God:
Gold:   57         SH:  0    Dex: 15    Spells: 3/3 levels left

rFire   . . .      SeeInvis .    a - +0 trident
rCold   . . .      Faith    .    (no shield)
rNeg    . . .      Spirit   .    b - +0 leather armour
rPois   .          Reflect  .    c - +0 helmet
rElec   .          Harm     .    (no cloak)
rCorr   .          Rampage  .    h - +0 pair of gloves
Will    .....                    (no boots)
Stlth   +                        (no amulet)
HPRegen 0.25/turn                (no ring)
MPRegen 0.09/turn                (no ring)

@: no status effects
A: (nimble swimmer 2), mertail
a: no special abilities


You were on level 3 of the Dungeon.
You visited 1 branch of the dungeon, and saw 3 of its levels.

You collected 57 gold pieces.

Inventory:

Hand Weapons
 a - a +0 trident (weapon)
Missiles
 d - 3 throwing nets (quivered)
 e - a javelin
Armour
 b - a +0 leather armour (worn)
 c - a +0 helmet (worn)
 h - a +0 pair of gloves (worn)
Scrolls
 g - 4 scrolls of identify {unknown}
 i - a scroll of immolation {unknown}
 j - a scroll of teleportation {unknown}
 k - 2 scrolls of noise {unknown}
 l - a scroll of enchant armour {unknown}
Potions
 f - 2 potions of curing {unknown}
 m - a potion of brilliance {unknown}
 n - a potion of degeneration {unknown}
 o - a potion of mutation {unknown}
 p - a potion of ambrosia {unknown}


   Skills:
 + Level 3.0 Fighting
 * Level 5.4 Polearms
 - Level 2.0 Throwing
 + Level 4.7 Dodging


You had 3 spell levels left.
You didn't know any spells.
Your spell library contained the following spells:

 Spells                   Type           Power      Damage    Failure   Level
 Lesser Beckoning         Tloc           0%         N/A       61%         2
 Gell's Gravitas          Tloc           0%         N/A       83%         3
 Teleport Other           Tloc           0%         N/A       83%         3


Dungeon Overview and Level Annotations

Branches:
Dungeon (3/15)

Altars:


Innate Abilities, Weirdness & Mutations

((You are very nimble when in or above water. (Stealth+, EV+, Speed+++)))
Your lower body shifts to a powerful aquatic tail in water.


Message History

An orc comes into view. It is wielding a +0 flail.
The hobgoblin shouts!
The orc shouts!
An orc comes into view. It is wielding a +0 morningstar.
An orc priest comes into view.
It is wielding the +4 short sword "Wipavih" {elec, rPois rCorr Str-4 Int+5}.
You barely miss the orc.
The orc shouts!
The orc hits you with a +0 club.
An orc comes into view. It is wielding a +0 hand axe.
The orc shouts!
You hit the orc but do no damage. The orc hits you with a +0 club.
You puncture the orc!
You kill the orc!
The hobgoblin hits you.
You hit the orc.
The orc is moderately wounded.
An endoplasm comes into view.
The hobgoblin closely misses you.
You hit the orc.
You kill the orc!
The hobgoblin closely misses you.
The orc priest casts a cantrip, but nothing happens.
You closely miss the orc. The hobgoblin closely misses you.
The orc hits you with a +0 morningstar.
You closely miss the orc.
The endoplasm jiggles.
The hobgoblin misses you. The orc hits you with a +0 morningstar!
You are too injured to fight recklessly!
You are too injured to fight recklessly!
You are too injured to fight recklessly!
You are too injured to fight recklessly!
The orc attacks as you move away! The orc misses you.
The orc throws a boomerang.
The boomerang barely misses you. The hobgoblin attacks as you move away!
The hobgoblin hits you but does no damage.
Items here: )))) [[ ††.
The orc attacks as you move away! The orc hits you with a +0 morningstar!
* * * LOW HITPOINT WARNING * * *
The orc priest mumbles some strange prayers to Beogh against you.
Beogh smites you!
You die...

#.......# #.......#
#.......# ##.......#
..########...#.####
#..........###.#
####....### .#
......#.## ##### #@#
#g#### ##oo..###
#...o)..# #....J..#
##.......#
##########........#.
.(..................#
#..........>......#..


You could see an orc priest, 2 orcs, an endoplasm and a hobgoblin.

Vanquished Creatures
  An adder (D:2)
  A dart slug (D:1)
  6 orcs (D:3)
  An endoplasm (D:1)
  A giant cockroach (D:1)
  6 goblins
  4 hobgoblins
  7 jackals
  6 kobolds
  2 quokkas
  3 ball pythons
  4 bats
  4 frilled lizards (D:1)
  4 rats
50 creatures vanquished.

Notes
Turn   | Place    | Note
-------+----------+-------------------------------------------
     0 | D:1      | boo the Merfolk Gladiator began the quest for the Orb.
     0 | D:1      | Reached XP level 1. HP: 16/16 MP: 1/1
    52 | D:1      | Reached XP level 2. HP: 23/23 MP: 2/2
   572 | D:1      | Reached XP level 3. HP: 28/28 MP: 3/3
  1083 | D:2      | Reached skill level 5 in Polearms
  1455 | D:2      | Reached XP level 4. HP: 34/34 MP: 4/4
  1754 | D:3      | Identified the +4 short sword "Wipavih" {elec, rPois rCorr
                  | Str-4 Int+5}
  1764 | D:3      | Killed from afar by an orc priest

Illustrated notes

Levels and vault maps discovered:
D:1:      lightli_molten_gateway, layout_basic, minivault_19, minivault_19
D:2:      layout_basic
D:3:      layout_rooms, amcnicky_altar_gilded, serial_shops,
          nicolae_shop_advertising_works [nicolae_subvault_shop_adworks],
          hellmonk_ecumenical_altar_run_dry, uniq_jessica

Skill      XL: |  1  2  3  4 |
---------------+-------------+-----
Polearms       | 5 |  5.4
Fighting       | 3 |  3.0
Throwing       | |  2.0
Dodging        | |  4.7

Action                     |  1- 3 |  4- 6 || total
---------------------------+-------+-------++-------
  Melee: Trident           |   166 |    27 ||   193
         Punch             |     2 |       ||     2
   Stab: Distracted        |     1 |       ||     1
         Sleeping          |     1 |       ||     1
 Armour: Leather armour    |    58 |     2 ||    60
  Dodge: Dodged            |   120 |    15 ||   135

Table legend: (Time is in decaauts)
 A = Elapsed time spent in this place.
 B = Non-inter-level travel time spent in this place.
 C = Inter-level travel time spent in this place.
 D = Time resting spent in this place.
 E = Time spent auto-exploring this place.
 F = Levels seen in this place.
 G = Mean time per level.
                   A        B        C        D        E       F      G
               +--------+--------+--------+--------+--------+-----+--------+
         Total |   1775 |   1759 |     16 |     91 |   1295 |   3 |  591.7 |
       Dungeon |   1775 |   1759 |     16 |     91 |   1295 |   3 |  591.7 |
               +--------+--------+--------+--------+--------+-----+--------+

Top non-repeatable levels by time:
     D:1: 927 daAuts
     D:2: 718 daAuts
     D:3: 128 daAuts
